 Dungeon Sprint DCSS version 0.27.1-1-g398f81649c (webtiles) character file.

Game seed: 13471124380231938088

30 ugugthedestroyer the Skirmisher (level 3, 0/36 HPs)
             Began as a Hill Orc Fighter on Sept 6, 2021.
             Slain by a human (1 damage)
             ... in the Dungeon (Sprint III: "The Ten Rune Challenge").
             The game lasted 00:00:51 (158 turns).

ugugthedestroyer the Skirmisher (Hill Orc Fighter)   Turns: 158, Time: 00:00:52

Health: 0/36       AC:  7    Str: 19    XL:     3   Next: 20%
Magic:  3/3        EV:  7    Int:  8    God:
Gold:   0          SH:  9    Dex: 10    Spells: 2/2 levels left

rFire    . . .     SeeInvis .   a - +0 war axe
rCold    . . .     Faith    .   c - +0 kite shield
rNeg     . . .     Spirit   .   b - +0 scale mail
rPois    .         Reflect  .   (no helmet)
rElec    .         Harm     .   (no cloak)
rCorr    .         Rampage  .   (no gloves)
Will     .....     NoTele   +   (no boots)
Stlth    ..........             (no amulet)
HPRegen  0.12/turn              (no ring)
MPRegen  0.08/turn              (no ring)

@: hasted, very quick
A: no striking features
a: no special abilities


You were in the Dungeon.
You visited 1 branch

Inventory:

Hand Weapons
 a - a +0 war axe (weapon)
Armour
 b - a +0 scale mail (worn)
 c - a +0 kite shield (worn)
Scrolls
 j - a scroll of blinking
Potions
 d - a potion of might
 h - 2 potions of magic
 i - a potion of berserk rage


   Skills:
 + Level 5.1 Fighting
 + Level 3.8 Axes
 + Level 5.0 Armour
 + Level 0.7 Dodging
 + Level 4.7 Shields


You had 2 spell levels left.
You didn't know any spells.
Your spell library was empty.

Dungeon Overview and Level Annotations

Branches:
Dungeon (1/1)

Altars:


Message History

You feel better. The human barely misses you. The phantom hits you.
You feel yourself speed up. You block the phantom's attack.
The human barely misses you.
You hit the human but do no damage.
The human is moderately wounded.
You hit the phantom but do no damage. You block the human's attack.
The phantom barely misses you.
You hit the phantom but do no damage.
The phantom is almost destroyed.
You hit the human. The human barely misses you. The phantom hits you.
You closely miss the human.
The human is moderately wounded.
You barely miss the phantom. The human hits you but does no damage.
You block the phantom's attack.
You slash the human!
The human is heavily wounded.
You closely miss the phantom. The human hits you!
* * * LOW HITPOINT WARNING * * *
You block the phantom's attack.
You closely miss the phantom.
The phantom is almost destroyed.
You hit the human. The human hits you but does no damage.
The phantom barely misses you.
You slash the phantom!
You destroy the phantom!
You barely miss the human. You block the human's attack.
You barely miss the human.
The human is heavily wounded.
You block the human's attack.
You hit the human.
The human is severely wounded.
You block the human's attack.
You barely miss the human.
The human is severely wounded.
The human hits you.
* * * LOW HITPOINT WARNING * * *
You closely miss the human.
The human is severely wounded.
The human hits you.
You die...

▓...#......##
▓..##.......# ..#
▓##.##.##...# ..#
##.##.###..# #..#
▓#.####.##).# ...+
▓.###..##..## #...#
▓#..†..##..###....#
###..##...##p....#
##..##....#.@....#
#..###..##.#.....#
#..# #..#####....#
▓▓▓▓ ▓▓▓▓ ▓▓▓▓▓


You could see a human.

Vanquished Creatures
  Jessica (D)
  A phantom (D)
  3 rats (D)
5 creatures vanquished.

Notes
Turn   | Place    | Note
-------+----------+-------------------------------------------
     0 | D        | ugugthedestroyer the Hill Orc Fighter began the quest for
                  | the Orb.
     0 | D        | Reached XP level 1. HP: 19/19 MP: 1/1
    42 | D        | Noticed Jessica
    44 | D        | HP: 1/20 [Jessica/nerve-wracking pain (14)]
    49 | D        | Killed Jessica
    50 | D        | Reached skill level 5 in Fighting
    50 | D        | Reached skill level 5 in Armour
    50 | D        | Reached XP level 2. HP: 19/29 MP: 2/2
    50 | D        | Reached XP level 3. HP: 23/36 MP: 3/3
   157 | D        | HP: 1/36 [human (6)]
   158 | D        | Slain by a human

Illustrated notes

Levels and vault maps discovered:
D:        dungeon_sprint_mu [sprint_mu_entry_cave, sprint_mu_temple_rooms,
          sprint_mu_d1_horrors, sprint_mu_d2_genie, sprint_mu_d3_branching,
          sprint_mu_orc_legion, sprint_mu_elf_gauntlet, sprint_mu_hive_nellie,
          sprint_mu_lair_fedhas, sprint_mu_vaults_butterflies,
          sprint_mu_slime_circle, sprint_mu_shoals_kraken,
          sprint_mu_snake_twists, sprint_mu_blade_basic,
          sprint_mu_crypt_fortress, sprint_mu_tomb_spiral,
          sprint_mu_vestibule_basic, sprint_mu_gehenna_hellfire,
          sprint_mu_dis_giant, sprint_mu_tartarus_statrot,
          sprint_mu_cocytus_islands, sprint_mu_zot1]

Skill      XL: |  1 |
---------------+----+-----
Fighting       | 5 |  5.1
Axes           | 3 |  3.8
Armour         | 5 |  5.0
Shields        | 4 |  4.7
Dodging        | |  0.7

Action                   || total
-------------------------++-------
Melee: War axe           ||    29
  Use: Potion            ||     4
Armor: Scale mail        ||     9
Dodge: Dodged            ||    15
Block: Kite shield       ||    13
